 Dungeon Crawl Stone Soup version 0.30.0-5-g1a98f26d00 (webtiles) character file.

Game seed: 2227545082888530190

173448 SnakkuSnakku7 the Severer (level 17, -9/149 HPs)
             Began as an Armataur Warper on May 8, 2023.
             Was the Champion of the Shining One.
             Killed from afar by a wretched star (18 damage)
             ... with a lance of force
             ... on level 3 of the Abyss.
             The game lasted 00:42:02 (27936 turns).

SnakkuSnakku7 the Severer (Armataur Warper)        Turns: 27936, Time: 00:42:02

Health: -9/149     AC: 43    Str: 23    XL:     17   Next: 43%
Magic:  13/18      EV:  5    Int: 24    God:    the Shining One [******]
Gold:   593        SH:  6    Dex:  4    Spells: 19/19 levels left

rFire   + . .        a - +5 broad axe (elec)
rCold   . . .        v - +2 buckler {AC+3}
rNeg    + + +        d - +10 chain mail "Koetiash" {rF+ rCorr Str+3 Dex-5}
rPois   .            P - +1 hat {Int+3}
rElec   .            s - +2 cloak
rCorr   +            k - +1 pair of gloves
SInv    .            O - +0 barding
Will    +....        Y - amulet of regeneration Stlth
                     g - ring of Mann {Int+6 Slay+5}
HPRegen 1.24/turn    E - +4 ring of protection
MPRegen 0.16/turn

%: roll
@: slowed, glowing, very slow
A: large, rugged brown scales 3, deformed body, armoured tail, roll, long
tongue, awkward tongue, [deterioration 2], [low MP 3], [weak 2]
a: Renounce Religion, Divine Shield, Cleansing Flame, Summon Divine Warrior,
Brand Weapon With Holy Wrath


You were on level 3 of the Abyss.
You worshipped the Shining One.
The Shining One was exalted by your worship.
You visited 4 branches of the dungeon, and saw 25 of its levels.
You visited the Abyss 2 times.
You also visited: Ice Cave.

You collected 2948 gold pieces.
You spent 2355 gold pieces at shops.

Inventory:

Hand Weapons
 a - a +5 broad axe of electrocution (weapon)
Missiles
 b - 2 throwing nets (quivered)
Armour
 d - the +10 chain mail "Koetiash" (worn) {rF+ rCorr Str+3 Dex-5}
   (You found it on level 2 of the Elven Halls)

   Str:       It affects your strength (+3).
   Dex:       It affects your dexterity (-5).
   rF:        It protects you from fire.
   rCorr:     It protects you from acid and corrosion.
 k - a +1 pair of gloves (worn)
 s - a +2 cloak (worn)
 t - a +2 plate armour of fire resistance
 v - a +2 buckler of protection (worn)
 O - a +0 barding (worn)
 P - a +1 hat of intelligence (worn)
 T - a +0 crystal plate armour
Jewellery
 g - the ring of Mann (left hand) {Int+6 Slay+5}
   (You took it off a deep elf archer on level 3 of the Elven Halls)

   [ring of intelligence]

   Int:       It affects your intelligence (+6).
   Slay:      It affects your accuracy & damage with ranged weapons and melee
   (+5).
 j - a ring of flight
 x - a +5 ring of evasion
 E - a +4 ring of protection (right hand)
 L - a ring of resist corrosion
 Q - a ring of willpower
 V - a ring of protection from cold
 Y - an amulet of regeneration (around neck)
Wands
 n - a wand of paralysis (5)
 y - a wand of flame (17)
 z - a wand of light (7)
 A - a wand of mindburst (21)
 C - a wand of polymorph (10)
 R - a wand of roots (14)
 S - a wand of digging (11)
Scrolls
 c - 5 scrolls of blinking
 f - 3 scrolls of vulnerability
 i - 9 scrolls of identify
 m - 4 scrolls of poison
 o - 3 scrolls of butterflies
 w - 11 scrolls of teleportation
 B - 5 scrolls of magic mapping
 D - 11 scrolls of fog
 M - 2 scrolls of immolation
 N - a scroll of silence
 Z - 3 scrolls of fear
Potions
 e - 2 potions of cancellation
 h - 6 potions of curing
 p - 2 potions of haste
 q - 2 potions of ambrosia
 r - 3 potions of lignification
 u - 6 potions of mutation
 F - 4 potions of attraction
 G - 3 potions of might
 H - 2 potions of magic
 I - 2 potions of brilliance
 J - 2 potions of flight
 U - a potion of resistance
 X - 2 potions of heal wounds


   Skills:
 - Level 10.0 Fighting
 - Level 18.0 Axes
 - Level 0.8 Throwing
 - Level 15.0 Armour
 - Level 8.0 Dodging
 - Level 5.0 Shields
 - Level 1.7 Spellcasting
 - Level 3.0 Translocations
 + Level 12.7 Invocations
 - Level 8.0 Evocations


You had 19 spell levels left.
You didn't know any spells.
Your spell library contained the following spells:

 Spells                   Type           Power      Damage    Failure   Level
 Blink                    Tloc           32%        N/A       24%         2
 Lesser Beckoning         Tloc           32%        N/A       24%         2
 Gell's Gravitas          Tloc           16%        N/A       43%         3
 Teleport Other           Tloc           16%        N/A       43%         3
 Magic Dart               Conj           8%         1d3       47%         1
 Sandblast                Erth           4%         2d4       47%         1
 Slow                     Hex            8%         N/A       47%         1
 Passwall                 Tmut/Erth      1%         N/A       63%         2
 Scorch                   Fire           4%         2d5       63%         2
 Searing Ray              Conj           4%         2d4       63%         2
 Vhi's Electric Charge    Tloc/Air       18%        N/A       65%         3
 Manifold Assault         Tloc           16%        N/A       83%         4
 Confusing Touch          Hex            2%         N/A       85%         3
 Dazzling Flash           Conj/Hex       4%         N/A       85%         3
 Frozen Ramparts          Ice            4%         1d1       85%         3
 Ignite Poison            Fire/Tmut/Pois 2%         N/A       85%         3
 Inner Flame              Hex/Fire       2%         N/A       85%         3
 Stone Arrow              Conj/Erth      4%         3d7       85%         3
 Vampiric Draining        Necr           2%         2d6       85%         3
 Anguish                  Hex/Necr       1%         N/A       99%         4
 Cause Fear               Hex            1%         N/A       99%         4
 Flame Wave               Conj/Fire      2%         2d4       99%         4
 Fulminant Prism          Conj/Hex       1%         3d5       99%         4
 Ice Form                 Ice/Tmut       2%         N/A       99%         4
 Leda's Liquefaction      Hex/Erth       1%         N/A       99%         4
 Sticky Flame             Conj/Fire      2%         2d3       99%         4
 Summon Ice Beast         Ice/Summ       2%         N/A       99%         4
 Agony                    Necr           2%         N/A       100%        5
 Arcjolt                  Conj/Air       1%         1d11      100%        5
 Iskenderun's Battlesphe  Conj           2%         2d6       100%        5
 Lee's Rapid Deconstruct  Erth           1%         3d4*      100%        5
 Silence                  Hex/Air        1%         N/A       100%        5
 Iron Shot                Conj/Erth      1%         9d1       100%        6
 Statue Form              Tmut/Erth      1%         N/A       100%        6
 Summon Cactus Giant      Summ           1%         N/A       100%        6
 Enfeeble                 Hex            1%         N/A       100%        7
 Spellforged Servitor     Conj/Summ      1%         N/A       100%        7
 Storm Form               Tmut/Air       1%         N/A       100%        7
 Ignition                 Fire           1%         3d3       100%        8
 Maxwell's Capacitive Co  Air            1%         ∞         100%        8


Dungeon Overview and Level Annotations

Branches:
Dungeon (15/15)            Temple (0/1) D:7            Lair (5/5) D:10
  Swamp (0/4) Lair:3       Spider (0/4) Lair:2        Slime (0/5) Lair:4
    Orc (2/2) D:11            Elf (3/3) Orc:2        Vaults (0/5) D:13
 Depths (0/4) D:15          IceCv (visited)

Altars:
Dithmenos
Gozag
Kikubaaqudgha
Makhleb
Nemelex Xobeh
Okawaru
Vehumet
Wu Jian
Yredelemnul
The Shining One

Shops:
D:6 =   D:10 ?   D:14 (   Orc:1 :   Orc:2 ***[   Elf:2 [

Portals:
Trove: Elf:2 (give +4 fire dragon scales)

Annotations:
Lair:2 exclusions: orb spider and 1 more exclusion
Lair:4 exclusion: oklob plant
Elf:2 3 runed translucent doors
Elf:3 3 runed translucent doors, Opsifuid's ghost, journeyman BaBe


Innate Abilities, Weirdness & Mutations

You are completely covered in rugged brown scales. (AC +3, +7% HP)
Armour fits poorly on your strangely shaped body.
You have a long armoured tail.
You roll when moving toward enemies. (Rampage)
Your long tongue fully drains potion bottles. (2x potion effects)
Your tongue gives you trouble enunciating. (1.5x scroll delay)
[Your body often deteriorates upon taking damage.]
[Your magical capacity is extremely low. (-30% MP)]
[You are very weak. (Str -4)]


Message History

Press: ? - help, Dir - look around, f - activate The golden flame engulfs you but does no damage.
You resist.
The golden flame engulfs the wretched star!!
The wretched star is moderately damaged.
The golden flame engulfs the bone dragon but does no damage.
The bone dragon is almost destroyed.
The golden flame engulfs the cacodemon!!
The cacodemon writhes in agony!
The cacodemon is moderately wounded.
You hear a roar!
Something shouts, "Scamper home, thou mewling roguish pimple!"
You hear a roar! x2; You hear a shout!
The wretched star glows turbulently.
The lance of force hits you!
* * * LOW HITPOINT WARNING * * *
You are knocked back by the lance of force.
You slam into the metal wall!
The bone dragon bites you!
* * * LOW HITPOINT WARNING * * *
The bone dragon completely misses you. You block the bone dragon's attack.
A small abomination comes into view.
Unknown command.
Unknown command.
Activating: Cleansing Flame (1% risk of failure)
Press: ? - help, Dir - look around, f - activate The golden flame engulfs you but does no damage.
The golden flame engulfs the cacodemon!!
The cacodemon writhes in agony!
The cacodemon is severely wounded.
The golden flame engulfs the wretched star!!
The wretched star is almost destroyed.
The golden flame engulfs the bone dragon!!
The bone dragon writhes in agony!
You destroy the bone dragon!
The Shining One accepts your kill.
You feel better.
You feel your power returning.
You hear an angry hiss.
You hear a roar!
The wretched star glows turbulently.
The lance of force hits you!!
You die...

#...§...
2# .##.#
.#§......#
.. .. #..
#x... . #
.. #.##..
.# .#
#...... #
.#
#..#.....#
.. #.#..
##.#
###.2#...#
#.#@*..#
###.#.# #
#.# # #.#
... .#. .
. ..


You could see a cacodemon, a wretched star and a small abomination.

Vanquished Creatures
  3 bone dragons (Abyss:3)
  Rupert (D:12)
  2 deep elf blademasters (Elf:3)
  A lich (Abyss:3)
  2 tentacled starspawn (Abyss:3)
  A deep elf master archer (Elf:3)
  Gastronok (Lair:2)
  4 deep elf sorcerers (Elf:3)
  6 deep elf elementalists (Elf:3)
  A stone giant (D:11)
  A reaper (IceCv)
  4 deep elf demonologists (Elf:3)
  Azrael (D:15)
  Nessos (D:14)
  4 deep elf annihilators (Elf:3)
  The ghost of Xeymp the Imperceptible, a journeyman SpEn of Gozag (D:13)
  A deep elf death mage (Elf:1)
  A deep elf high priest (Elf:3)
  A fire dragon (D:15)
  5 hydras
  A catoblepas (Lair:3)
  6 centaur warriors
  A rakshasa (Abyss:3)
  An ogre mage (D:13)
  4 boulder beetles
  14 two-headed ogres
  5 orc high priests
  4 tengu warriors
  A thrashing horror (Abyss:3)
  13 dancing weapons
  A wretched star (Abyss:3)
  A soul eater (D:12)
  6 deep elf knights
  A fire crab (Lair:5)
  Amaemon (Lair:3)
  3 skeletal warriors (D:14)
  A shadow demon (Abyss:3)
  10 deep elf archers
  A wolf spider zombie (D:15)
  3 wizards (D:15)
  A necromancer (D:15)
  8 orc knights
  15 deep elf pyromancers
  6 orc sorcerers (Orc:2)
  3 manticores
  12 cyclopes
  14 deep elf zephyrmancers
  7 ugly things
  A salamander (shapeshifter) (D:10)
  A manticore (shapeshifter) (Elf:2)
  14 elephants
  3 centaur zombies (D:15)
  A naga mage (D:15)
  Joseph (D:10)
  4 black mambas
  2 rust devils (D:12)
  14 cane toads
  An ice statue (IceCv)
  An orange demon (Lair:3)
  2 gargoyles
  10 rime drakes
  An unseen horror (D:11)
  A kobold demonologist (D:13)
  A freezing wraith (D:14)
  4 yaktaurs (D:15)
  3 anaconda simulacra (IceCv)
  3 tengu conjurers
  2 ice devils
  An ancient zyme (Abyss:3)
  12 komodo dragons
  6 trolls
  4 hellwings (D:12)
  3 large abominations (Abyss:3)
  2 polar bears (Lair:5)
  8 hornets
  3 meliai (D:14)
  3 raiju (Abyss:3)
  Prince Ribbit (D:7)
  2 dream sheep (Lair:5)
  12 blink frogs
  2 tyrant leeches (Lair:3)
  18 slime creatures
  24 spriggans
  2 small abominations (Abyss:3)
  47 yaks
  Sigmund (D:3)
  4 air elementals
  A water elemental (Elf:2)
  8 wyverns
  4 wraiths (D:11)
  A ynoxinul (D:12)
  8 fire elementals
  5 basilisks
  3 chaos spawn
  2 vampire mosquitoes (D:11)
  A neqoxec (Abyss:3)
  3 steam dragons
  2 harpy simulacra (IceCv)
  4 swamp worms (Lair:3)
  3 wargs
  A death yak simulacrum (IceCv)
  An acid dragon (D:13)
  2 hydra simulacra (IceCv)
  3 hell hounds
  Duvessa (D:7)
  13 water moccasins
  2 ice beasts (D:6)
  29 orc warriors
  9 black bears
  7 boggarts
  23 wolves
  13 ogres
  2 centaurs
  2 kobold brigands
  7 earth elementals
  14 bullfrogs
  A gnoll sergeant (D:4)
  6 two-headed ogre simulacra (IceCv)
  A cane toad simulacrum (IceCv)
  A hornet simulacrum (D:15)
  Dowan (D:7)
  5 killer bees (D:10)
  5 howler monkeys
  A quasit (Abyss:3)
  2 gnoll boudas
  24 orc priests
  5 hounds
  A jelly (D:6)
  Terence (D:3)
  14 hell rats
  3 iguanas
  16 orc wizards
  A polar bear simulacrum (IceCv)
  8 spriggan simulacra (IceCv)
  4 wolf simulacra (IceCv)
  7 troll simulacra (IceCv)
  10 adders
  27 gnolls
  5 naga simulacra (IceCv)
  A shadow imp (D:7)
  9 white imps
  3 ufetubi (IceCv)
  A worm (D:4)
  3 dart slugs
  86 orcs
  4 endoplasms
  3 giant cockroaches
  3 goblins
  7 hobgoblins
  2 jackals (D:5)
  14 kobolds
  3 quokkas
  7 ball pythons
  7 bats
  4 frilled lizards
  6 rats
  A starspawn tentacle (Abyss:3)
898 creatures vanquished.

Vanquished Creatures (others)
  A deep elf pyromancer (Elf:3)
  An orc priest (Orc:2)
  18 foxfires (Abyss:3)
  4 starspawn tentacles (Abyss:3)
24 creatures vanquished.

Grand Total: 922 creatures vanquished

Notes
Turn   | Place    | Note
-------+----------+-------------------------------------------
     0 | D:1      | SnakkuSnakku7 the Armataur Warper began the quest for the
                  | Orb.
     0 | D:1      | Reached XP level 1. HP: 18/18 MP: 3/3
   116 | D:1      | Reached skill level 2 in Axes
   116 | D:1      | Reached XP level 2. HP: 23/25 MP: 4/4
   994 | D:2      | Reached XP level 3. HP: 7/32 MP: 5/5
  1767 | D:2      | Identified the +1 plate armour of Zaticoel {Slay+6 Stlth+}
  1960 | D:3      | Reached XP level 4. HP: 34/40 MP: 6/6
  2079 | D:3      | Reached skill level 3 in Axes
  2180 | D:3      | Noticed Sigmund
  2202 | D:3      | Reached XP level 5. HP: 18/48 MP: 7/7
  2204 | D:3      | Killed Sigmund
  2205 | D:3      | Reached XP level 6. HP: 19/55 MP: 8/8
  2213 | D:3      | Reached skill level 4 in Axes
  2396 | D:3      | Found a burning altar of Makhleb.
  2541 | D:3      | Noticed Terence
  2550 | D:3      | Killed Terence
  2631 | D:3      | Found a shadowy altar of Dithmenos.
  2661 | D:3      | Found a sparkling altar of Nemelex Xobeh.
  2662 | D:3      | Found an ancient bone altar of Kikubaaqudgha.
  2664 | D:3      | Found a glowing golden altar of the Shining One.
  2665 | D:3      | Found a basalt altar of Yredelemnul.
  2669 | D:3      | Found an opulent altar of Gozag.
  2673 | D:3      | Became a worshipper of the Shining One
  2682 | D:3      | Found an ornate altar of the Wu Jian Council.
  3243 | D:4      | Reached skill level 5 in Fighting
  3247 | D:4      | Reached XP level 7. HP: 52/65 MP: 9/9
  3353 | D:4      | Reached skill level 5 in Axes
  3526 | D:5      | Entered Level 5 of the Dungeon
  3858 | D:5      | Reached * piety under the Shining One
  4012 | D:5      | Reached skill level 6 in Axes
  4129 | D:6      | Reached XP level 8. HP: 70/72 MP: 10/10
  4163 | D:6      | Reached skill level 7 in Axes
  4430 | D:6      | Found Vauf's Jewellery Shop.
  4722 | D:7      | Reached skill level 8 in Axes
  4935 | D:7      | Found a staircase to the Ecumenical Temple.
  5132 | D:7      | Noticed Prince Ribbit
  5133 | D:7      | Reached ** piety under the Shining One
  5138 | D:7      | Killed Prince Ribbit
  5139 | D:7      | Reached skill level 9 in Axes
  5139 | D:7      | Reached XP level 9. HP: 49/79 MP: 11/11
  5154 | D:7      | Noticed Dowan
  5154 | D:7      | Noticed Duvessa
  5159 | D:7      | Killed Duvessa
  5159 | D:7      | Killed Dowan
  5477 | D:8      | Paralysed by a hornet for 3 turns
  5721 | D:8      | Reached skill level 10 in Axes
  5940 | D:8      | Reached skill level 11 in Axes
  6679 | D:9      | Reached XP level 10. HP: 86/86 MP: 12/12
  6776 | D:9      | Reached skill level 12 in Axes
  7491 | D:10     | Entered Level 10 of the Dungeon
  7644 | D:10     | Noticed Joseph
  7668 | D:10     | Killed Joseph
  7812 | D:10     | Reached skill level 13 in Axes
  7826 | D:10     | Noticed a two-headed ogre
  7828 | D:10     | Found Yman's Magic Scroll Shop.
  7832 | D:10     | Killed a two-headed ogre
  7839 | D:10     | Bought a scroll of blinking for 105 gold pieces
  7839 | D:10     | Bought a scroll of teleportation for 42 gold pieces
  7839 | D:10     | Bought a scroll of brand weapon for 133 gold pieces
  7902 | D:10     | Found a staircase to the Lair.
  7907 | D:10     | Reached XP level 11. HP: 72/92 MP: 13/13
  7918 | D:10     | Reached skill level 5 in Armour
  8165 | Lair:1   | Entered Level 1 of the Lair of Beasts
  8203 | Lair:1   | Reached *** piety under the Shining One
  8916 | Lair:2   | Identified the +1 flail "Grim Tooth" {drain, rPois rF+}
  8950 | Lair:2   | Found a hole to the Spider Nest.
  8950 | Lair:2   | Noticed an orb spider
  9080 | Lair:2   | Noticed Gastronok
  9091 | Lair:2   | Killed Gastronok
  9092 | Lair:2   | Reached skill level 14 in Axes
  9818 | Lair:3   | Reached XP level 12. HP: 60/100 MP: 14/14
  9822 | Lair:3   | Reached skill level 10 in Armour
  9833 | Lair:3   | Noticed a four-headed hydra
 10092 | Lair:3   | Found a frozen archway.
 10098 | IceCv    | Entered an ice cave
 10110 | IceCv    | Reached **** piety under the Shining One
 10458 | IceCv    | Reached ***** piety under the Shining One
 10510 | IceCv    | Reached skill level 15 in Axes
 10575 | IceCv    | Identified the +3 leather armour "Kusom" {rC+++ Will-
                  | Regen+ Stlth+}
 10740 | IceCv    | Reached skill level 1 in Invocations
 10992 | IceCv    | Identified the +10 rapier "Spiderslayer" {protect, rElec}
 10998 | IceCv    | Noticed a reaper
 11009 | IceCv    | Killed a reaper
 11012 | IceCv    | Reached ****** piety under the Shining One
 11313 | Lair:3   | Noticed a catoblepas
 11330 | Lair:3   | HP: 5/100 [catoblepas (24)]
 11334 | Lair:3   | Killed a catoblepas
 11535 | Lair:3   | Reached skill level 5 in Invocations
 11608 | Lair:3   | Noticed Amaemon
 11629 | Lair:3   | Killed Amaemon
 11819 | Lair:3   | Reached XP level 13. HP: 96/108 MP: 17/17
 12642 | Lair:4   | Reached skill level 16 in Axes
 12698 | Lair:4   | Found a staircase to the Slime Pits.
 13367 | Lair:5   | Entered Level 5 of the Lair of Beasts
 13640 | Lair:5   | Paralysed by a hornet for 3 turns
 14306 | Lair:5   | Identified a scroll of acquirement
 14307 | Lair:5   | Acquired a +6 battleaxe of freezing
 14813 | Lair:5   | Reached XP level 14. HP: 62/126 MP: 19/19
 15675 | Lair:3   | Found a staircase to the Swamp.
 16085 | D:10     | Reached skill level 17 in Axes
 16648 | D:11     | Found a staircase to the Orcish Mines.
 17592 | D:12     | Reached skill level 18 in Axes
 17644 | D:12     | Noticed a stone giant
 17646 | D:12     | Noticed Rupert
 17828 | D:11     | Killed a stone giant
 17829 | D:11     | Reached skill level 10 in Fighting
 18139 | Orc:1    | Entered Level 1 of the Orcish Mines
 18380 | Orc:1    | Found Cann's Book Boutique.
 18521 | Orc:2    | Entered Level 2 of the Orcish Mines
 18986 | Orc:2    | Found a staircase to the Elven Halls.
 19064 | Orc:2    | Found Myts's Armour Boutique.
 19070 | Orc:2    | Reached XP level 15. HP: 110/134 MP: 20/20
 19928 | Orc:2    | Found Xiujoat's General Store.
 19935 | Orc:2    | Found Uxtylen's General Store.
 19936 | Orc:2    | Found Isicrupo's General Store.
 19943 | Orc:2    | Bought a +1 pair of gloves for 138 gold pieces
 19945 | Orc:2    | Bought a scroll of blinking for 82 gold pieces
 19945 | Orc:2    | Bought a scroll of enchant weapon for 82 gold pieces
 19955 | Orc:2    | Bought a potion of might for 44 gold pieces
 19965 | Orc:2    | Bought a scroll of blinking for 105 gold pieces
 19967 | Orc:2    | Bought a +0 crystal plate armour for 1280 gold pieces
 20808 | D:12     | Paralysed by Rupert for 4 turns
 20818 | D:12     | Killed Rupert
 20846 | D:12     | Reached skill level 15 in Armour
 21306 | D:13     | Found a gate to the Vaults.
 21601 | D:13     | Found a runed translucent door.
 21601 | D:13     | Noticed Xeymp's ghost (journeyman SpEn)
 22116 | D:13     | Reached skill level 5 in Dodging
 22336 | D:13     | Killed Xeymp's ghost
 22988 | D:14     | You fall into a shaft and drop 1 floor!
 22988 | D:15     | Entered Level 15 of the Dungeon
 23129 | D:14     | Noticed Nessos
 23137 | D:14     | Killed Nessos
 23407 | D:14     | Reached XP level 16. HP: 88/143 MP: 21/21
 23460 | D:14     | Found Josethys's Weapon Emporium.
 23898 | D:15     | Noticed Azrael
 23990 | D:15     | Killed Azrael
 24168 | D:15     | Found an iron altar of Okawaru.
 24581 | D:15     | Found a staircase to the Depths.
 24585 | D:15     | Reached skill level 1 in Shields
 24771 | Elf:1    | Entered Level 1 of the Elven Halls
 24802 | Elf:1    | Paralysed by an air elemental for 1 turns
 24897 | Elf:1    | Paralysed by an air elemental for 1 turns
 24925 | Elf:1    | Reached skill level 5 in Shields
 25029 | Elf:1    | Reached skill level 1 in Evocations
 25560 | Elf:1    | Reached skill level 5 in Evocations
 26021 | Elf:2    | Found a portal to a secret trove of treasure.
 26072 | Elf:2    | Identified the +10 chain mail "Koetiash" {rF+ rCorr Str+3
                  | Dex-5}
 26225 | Elf:2    | Found Efre Vodgh's Armour Shop.
 26230 | Elf:2    | Bought a +2 buckler of protection for 344 gold pieces
 26242 | Elf:2    | Found a radiant altar of Vehumet.
 26462 | Elf:2    | Found a runed translucent gate.
 26462 | Elf:2    | Found a runed translucent gate.
 26462 | Elf:2    | Found a runed translucent gate.
 26512 | Elf:2    | Paralysed by an air elemental for 1 turns
 26517 | Elf:2    | Paralysed by an air elemental for 1 turns
 26557 | Elf:2    | Paralysed by an air elemental for 1 turns
 26729 | Elf:3    | Entered Level 3 of the Elven Halls
 26742 | Elf:3    | Noticed Opsifuid's ghost (journeyman BaBe)
 26747 | Elf:3    | Found a runed translucent gate.
 26747 | Elf:3    | Found a runed translucent gate.
 26747 | Elf:3    | Found a runed translucent gate.
 26749 | Elf:3    | Found the +2 hat of the Bear Spirit {Spirit, Bear, *Rage
                  | Will++}
 26849 | Abyss:3  | Cast into level 3 of the Abyss (a deep elf sorcerer)
 26878 | Abyss:3  | Noticed a bone dragon
 26899 | Abyss:3  | Killed a bone dragon
 27033 | Abyss:3  | Noticed a bone dragon
 27043 | Abyss:3  | Noticed a tentacled starspawn
 27054 | Abyss:3  | Killed a bone dragon
 27056 | Abyss:3  | Killed a tentacled starspawn
 27059 | Elf:3    | Escaped the Abyss
 27149 | Elf:3    | Reached skill level 10 in Invocations
 27149 | Elf:3    | Reached XP level 17. HP: 114/149 MP: 18/24
 27178 | Elf:3    | Noticed a deep elf blademaster
 27196 | Elf:3    | Killed a deep elf blademaster
 27320 | Elf:3    | Noticed a deep elf master archer
 27324 | Elf:3    | Noticed a deep elf blademaster
 27355 | Elf:3    | Identified the staff of fire "Lari" {rF+ rN+ Int+5}
 27358 | Elf:3    | Killed a deep elf master archer
 27370 | Elf:3    | Killed a deep elf blademaster
 27681 | Elf:3    | Identified the ring of Mann {Int+6 Slay+5}
 27804 | Abyss:3  | Cast into level 3 of the Abyss (a deep elf sorcerer)
 27833 | Abyss:3  | Noticed a lich
 27842 | Abyss:3  | Killed a lich
 27903 | Abyss:3  | Noticed a bone dragon
 27935 | Abyss:3  | HP: 6/149 [bone dragon (7)]
 27936 | Abyss:3  | Killed a bone dragon
 27936 | Abyss:3  | Killed from afar by a wretched star

Illustrated notes

Levels and vault maps discovered:
D:1:      lemuel_arrival_behind_the_door_large, layout_basic,
          kennysheep_decorative_pillar, minmay_shallow_snake_nest
D:2:      layout_loops_ring, chequers_serial_rivers_room_a,
          hangedman_abyss_or_decor_lesser_grid
D:3:      layout_loops_ring, mainiacjoe_overflow_alcove_1,
          nicolae_overflow_hallway_of_the_gods, uniq_terence, uniq_sigmund
D:4:      layout_loops_cross
D:5:      layout_loops_ring, dreamdust_wishing_well
D:6:      layout_basic, serial_shops, shop, minmay_misc_feat_room
D:7:      layout_loops_ring, minmay_temple_entry_poolview, uniq_duvessa,
          uniq_prince_ribbit1
D:8:      layout_basic
D:9:      layout_basic
D:10:     layout_rooms, due_lair_maze_entry_diamond, serial_shops, shop,
          chequers_serial_rivers_small_3, evilmike_minifort, uniq_joseph
D:11:     layout_cave_pools, david_orc_3, serial_park, serial_park_tiny_2,
          serial_park_tiny_2, serial_park_square2, serial_park_square1
          [serial_park_minivault_5x5_3], serial_park_gazebo
          [serial_park_minivault_5x5_7], minmay_gold_behind_fungi,
          hangedman_decor_riveting
D:12:     cheibrodos_monumental, layout_loops_ring, serial_demonic,
          serial_demonic_a, serial_demonic_a, serial_demonic_f,
          serial_demonic_f, uniq_rupert
D:13:     kb_forest_paths, layout_loops_ring, ebering_ghost_inner_flame
D:14:     layout_rooms, serial_curves, eino_curves_02, eino_curves_04,
          eino_curves_03, serial_shops, shop, uniq_nessos
D:15:     grunt_enter_depths_magical_seal, layout_gridville,
          okawaru_ov_weapons_minmay, uniq_azrael
Lair:1:   layout_small_grid, lemuel_fruit_fields, grunt_megastairs_5
Lair:2:   layout_cave_shapes, nicolae_spider_entry_orb_guardian, uniq_gastronok
Lair:3:   layout_long_grid, palyth_hydra_swamp_entry, special_room
          [special_room_mythical_zoo], portal_ice_cave_entry_pillars_1,
          grunt_megastairs_4, uniq_amaemon
Lair:4:   layout_cave_pods, minmay_slime_entry_oklob_enclosed
Lair:5:   minmay_lair_end_enchanted_forest, layout_cave_pods
Orc:1:    layout_diamond_mine, serial_shops, nicolae_book_shop_shelving,
          basic_altar
Orc:2:    st_orc_elflike, layout_caves, minmay_orc_temple_c
Elf:1:    minmay_elf_arrival_summoners, layout_onion_city, minivault_28
Elf:2:    elven_hall_of_blades_hangedman_original [mumra_blade_entry_dagger],
          layout_loops_corners, enter_trove_2, serial_shops, shop, basic_altar
Elf:3:    minmay_elf_hall_dome, layout_gridlike, gammafunk_ghost_split,
          nicolae_elf_double_double_double_trouble
Abyss:3:  base: Temple, serial_sigils_hangedman_quiver, minivault_5,
          minivault_19, evilmike_nicolae_abyss_rune_betentacled_crabyss,
          grunt_abyss_exit_deep_breaths, hangedman_decor_peaks_small, base:
          Elf:3, base: D:13, hangedman_shadowy_showcase, minivault_25_ag

Skill      XL: |  1  2  3  4  5  6  7  8  9 10 11 12 13 14 15 16 17 |
---------------+----------------------------------------------------+-----
Fighting       | 2 3 4 5 9 10 | 10.0
Axes           | 2 3 4 6 9 11 13 14 15 16 18 | 18.0
Armour         | 4 9 10 12 15 | 15.0
Invocations    | 6 7 10 12 | 12.7
Dodging        | 6 8 |  8.0
Shields        | 5 |  5.0
Evocations     | 8 |  8.0
Throwing       | |  0.8
Spellcasting   | |  1.7
Translocations | |  3.0

Action                     |  1- 3 |  4- 6 |  7- 9 | 10-12 | 13-15 | 16-18 || total
---------------------------+-------+-------+-------+-------+-------+-------++-------
  Melee: Hand axe          |   132 |    74 |       |       |       |       ||   206
         Tailslap          |     6 |    11 |    35 |    77 |   178 |   116 ||   423
         Punch             |     2 |     2 |     5 |     7 |     2 |       ||    18
         War axe           |       |    27 |   195 |   397 |   195 |       ||   814
         Battleaxe         |       |       |       |       |   659 |   151 ||   810
         Broad axe         |       |       |       |       |       |   407 ||   407
 Invoke: Cleansing Flame   |       |       |       |       |     3 |     3 ||     6
  Evoke: Wand              |       |       |       |       |    10 |     7 ||    17
    Use: Potion            |       |     2 |       |     4 |     6 |     1 ||    13
         Scroll            |       |       |    17 |     3 |    13 |     6 ||    39
 Armour: Leather armour    |    51 |       |       |     2 |       |       ||    53
         Plate armour      |     6 |    46 |   107 |   177 |   335 |       ||   671
         Crystal plate arm |       |       |       |       |    82 |   196 ||   278
         Chain mail        |       |       |       |       |       |   310 ||   310
  Dodge: Dodged            |    76 |    11 |    73 |   158 |   305 |   101 ||   724
  Block: Buckler           |       |       |       |       |       |    71 ||    71
